 Dungeon Crawl Stone Soup version 0.28.0-53-g5a82cb258f (webtiles) character file.

Game seed: 11498352285154257818

11 purpskrrrp the Magician (level 2, -3/22 HPs)
             Began as a Demonspawn Wanderer on June 23, 2022.
             Slain by a goblin
             ... wielding a +0 club
              (4 damage)
             ... on level 1 of the Dungeon.
             The game lasted 00:01:44 (1076 turns).

purpskrrrp the Magician (Demonspawn Wanderer)       Turns: 1076, Time: 00:01:45

Health: -3/22      AC:  2    Str: 10    XL:     2   Next: 17%
Magic:  7/7        EV: 11    Int: 14    God:
Gold:   35         SH:  0    Dex: 13    Spells: 9/9 levels left

rFire   . . .      SeeInvis .   a - +0 dagger
rCold   . . .      Faith    .   (no shield)
rNeg    . . .      Spirit   .   d - +0 robe
rPois   .          Reflect  .   (helmet restricted)
rElec   .          Harm     .   (no cloak)
rCorr   .          Rampage  .   (no gloves)
Will    .....                   (no boots)
Stlth   +.........              (no amulet)
HPRegen 0.07/turn               (no ring)
MPRegen 0.10/turn               (no ring)

@: no status effects
A: antennae 1
a: no special abilities


You were on level 1 of the Dungeon.
You visited 1 branch of the dungeon, and saw 1 of its levels.

You collected 35 gold pieces.

Inventory:

Hand Weapons
 a - a +0 dagger (weapon)
 f - a +0 whip
Missiles
 b - 10 poisoned darts (quivered)
 e - 5 atropa-tipped darts
Armour
 d - a +0 robe (worn)
Potions
 c - a potion of lignification
 g - 2 potions of curing {unknown}


   Skills:
 + Level 2.0 Fighting
 + Level 0.1 Short Blades
 + Level 2.8 Throwing
 + Level 0.1 Dodging
 + Level 4.2 Spellcasting


You had 9 spell levels left.
You didn't know any spells.
Your spell library contained the following spells:

 Spells                   Type           Power      Damage    Failure   Level
 Freeze                   Ice            8%         1d3       19%         1
 Magic Dart               Conj           8%         1d3       19%         1
 Shock                    Conj/Air       8%         1d3       19%         1
 Slow                     Hex            8%         N/A       19%         1
 Searing Ray              Conj           4%         2d4       28%         2
 Swiftness                Air            2%         N/A       50%         3
 Vampiric Draining        Necr           2%         2d6       50%         3
 Airstrike                Air            1%         N/A       88%         4
 Fulminant Prism          Conj/Hex       1%         3d6       88%         4


Dungeon Overview and Level Annotations

Branches:
Dungeon (1/15)

Altars:

Shops:
D:1 !


Innate Abilities, Weirdness & Mutations

You have a pair of small antennae on your head.


Message History

You hit the dart slug but do no damage.
The dart slug is heavily wounded.
The dart slug bites you but does no damage.
You hit the dart slug but do no damage.
The dart slug is heavily wounded.
You hit the dart slug.
The dart slug is almost dead.
The dart slug launches a dart at you. The slug dart hits you.
You hit the dart slug.
You kill the dart slug!
You open the door.
Found a blue potion.
Found a stone staircase leading down.
There is an open door here.
Found Lokkum's Distillery.
A kobold comes into view. It is wielding a +0 short sword.
Found 18 stones.
The kobold shouts!
A goblin comes into view. It is wielding a +0 club.
The goblin shouts!
You closely miss the kobold.
The kobold hits you with a +0 short sword.
You hit the kobold.
The kobold is severely wounded.
The kobold hits you with a +0 short sword.
* * * LOW HITPOINT WARNING * * *
You hit the kobold but do no damage.
The kobold is severely wounded.
The goblin hits you with a +0 club.
* * * LOW HITPOINT WARNING * * *
The kobold closely misses you.
You hit the kobold.
You kill the kobold!
The goblin closely misses you. The goblin hits you with a +0 club.
* * * LOW HITPOINT WARNING * * *
You see here a +0 short sword.
The goblin closely misses you.
You hit the goblin but do no damage. The goblin hits you with a +0 club.
You die...

#.##### .
##'##
##...##
##.....##
##.......##
#.........#
+..!......+
#>.#.)....#
##..@g...##
#.∩.#..##
#....(##
#.##+## #.
#. #


You could see a goblin.

Vanquished Creatures
  A dart slug (D:1)
  2 bats (D:1)
  An endoplasm (D:1)
  A goblin (D:1)
  A hobgoblin (D:1)
  A ball python (D:1)
  2 kobolds (D:1)
9 creatures vanquished.

Notes
Turn   | Place    | Note
-------+----------+-------------------------------------------
     0 | D:1      | purpskrrrp the Demonspawn Wanderer began the quest for the
                  | Orb.
     0 | D:1      | purpskrrrp set off with the following items: a +0 dagger,
                  | 10 poisoned darts, a potion of lignification, a +0 robe;
                  | and the following spells available to memorise: Freeze,
                  | Slow, Searing Ray, Vampiric Draining
     0 | D:1      | Reached XP level 1. HP: 16/16 MP: 5/5
  1039 | D:1      | Discovered your monstrous ancestry.
  1039 | D:1      | Gained mutation: You have a pair of small antennae on your
                  | head. [demonic ancestry]
  1039 | D:1      | Reached XP level 2. HP: 21/22 MP: 7/7
  1064 | D:1      | Found Lokkum's Distillery.
  1073 | D:1      | HP: 1/22 [goblin/+0 club (2)]
  1076 | D:1      | Slain by a goblin

Illustrated notes

Levels and vault maps discovered:
D:1:      minmay_arrival_shoal_huts, layout_loops_corners, serial_shops,
          nicolae_shop_stone

Action                   || total
-------------------------++-------
Melee: Dagger            ||    50
       Punch             ||     2
Throw: Dart              ||     2
 Stab: Sleeping          ||     1
Armor: Robe              ||    24
Dodge: Dodged            ||    48
